 Dungeon Crawl Stone Soup version 0.30-a0-1103-g25895a7845 (webtiles) character file.

Game seed: 15213893207228012172

9 jlumianski the Trooper (level 2, -1/24 HPs)
             Began as a Demonspawn Fighter on Apr 19, 2023.
             Succumbed to an adder's poison
             ... on level 1 of the Dungeon.
             The game lasted 00:00:20 (74 turns).

jlumianski the Trooper (Demonspawn Fighter)           Turns: 74, Time: 00:00:21

Health: -1/24      AC:  6    Str: 16    XL:     2   Next: 3%
Magic:  2/2        EV:  8    Int:  9    God:
Gold:   0          SH:  4    Dex: 12    Spells: 1/1 levels left

rFire   . . .      SeeInvis .    a - +0 war axe
rCold   . . .      Faith    .    c - +0 buckler
rNeg    . . .      Spirit   .    b - +0 scale mail
rPois   .          Reflect  .    (no helmet)
rElec   .          Rampage  .    (no cloak)
rCorr   .                        (no gloves)
Will    .....                    (no boots) Stlth
                                 (no amulet)
HPRegen 0.24/turn                (no ring)
MPRegen 0.08/turn                (no ring)

@: mighty, lethally poisoned (-1 -> -11)
A: claws 1
a: no special abilities


You were on level 1 of the Dungeon.
You visited 1 branch of the dungeon, and saw 2 of its levels.

Inventory:

Hand Weapons
 a - a +0 war axe (weapon)
Armour
 b - a +0 scale mail (worn)
 c - a +0 buckler (worn)


   Skills:
 + Level 3.1 Fighting
 + Level 1.8 Axes
 + Level 2.8 Armour
 + Level 2.9 Shields


You had one spell level left.
You didn't know any spells.
Your spell library was empty.

Dungeon Overview and Level Annotations

Branches:
Dungeon (2/15)

Altars:


Innate Abilities, Weirdness & Mutations

You have sharp fingernails.


Message History

The adder poisons you!
HP restored.
You feel sick. The bat hits you but does no damage.
The adder bites you but does no damage. The adder closely misses you.
You climb upwards.
You feel sick.
There is a stone staircase leading down here.
You completely miss the adder. You barely miss the adder.
You feel sick.
The adder bites you but does no damage. x2; You block the adder's attack.
The adder bites you but does no damage.
You barely miss the adder. You hit the adder.
You feel sick.
You are no longer poisoned.
The adder bites you but does no damage. The adder barely misses you.
The adder bites you but does no damage. You block the adder's attack.
You hit the adder but do no damage. You miss the adder. The adder bites you.
The adder bites you but does no damage.
You closely miss the adder. x2; You block the adder's attack.
The adder closely misses you. x2; The adder bites you but does no damage.
You miss the adder. You barely miss the adder. You block the adder's attack.
The adder bites you.
You are poisoned.
The adder poisons you! The adder bites you but does no damage.
The adder bites you.
You are lethally poisoned!
The adder poisons you!
You feel very mighty all of a sudden.
You feel very sick. The adder barely misses you. You block the adder's attack.
The adder bites you.
* * * LOW HITPOINT WARNING * * *
You are more poisoned.
The adder poisons you!
You slash the adder!
You kill the adder!
You barely miss the adder.
* * * LOW HITPOINT WARNING * * *
You feel very sick. The adder barely misses you.
You have reached level 2!
You feel monstrous as your demonic heritage exerts itself.
Your demonic ancestry asserts itself...
Your fingernails lengthen.
You die...

.... .. .#
#.....#..
.....#. .#
###.<.###
.....#. .#
#.....#
....#.#.#
#.###.# #......#
.. .# #......
### # . # #...#
. ..#.
#.>####### #
#...##.@S......
#
.........######
# .........#
#.####...#
########## ## #
##..###........#
#.
#......######.#
#. #..###.# #.#
#. #..# #.#
#.###. #..# #.#
#.....


You could see an adder.

Vanquished Creatures
  An adder (D:1)
1 creature vanquished.

Notes
Turn   | Place    | Note
-------+----------+-------------------------------------------
     0 | D:1      | jlumianski the Demonspawn Fighter began the quest for the
                  | Orb.
     0 | D:1      | Reached XP level 1. HP: 18/18 MP: 1/1
    74 | D:1      | Discovered your monstrous ancestry.
    74 | D:1      | Gained mutation: You have sharp fingernails. [demonic
                  | ancestry]
    74 | D:1      | Reached XP level 2. HP: 2/24 MP: 2/2
    74 | D:1      | Succumbed to an adder's poison

Illustrated notes

Levels and vault maps discovered:
D:1:      psy_arrival_radial02, layout_basic
D:2:      layout_basic, nicolae_ecumenical_snake_handling, uniq_robin

Action                     || total
---------------------------++-------
  Melee: War axe           ||     7
    Use: Potion            ||     1
 Armour: Scale mail        ||    10
  Dodge: Dodged            ||     8
  Block: Buckler           ||     6

Table legend: (Time is in decaauts)
 A = Elapsed time spent in this place.
 B = Non-inter-level travel time spent in this place.
 C = Inter-level travel time spent in this place.
 D = Time resting spent in this place.
 E = Time spent auto-exploring this place.
 F = Levels seen in this place.
 G = Mean time per level.
                   A        B        C        D        E       F      G
               +--------+--------+--------+--------+--------+-----+--------+
         Total |     77 |     77 |      0 |      0 |     49 |   2 |   38.5 |
       Dungeon |     77 |     77 |      0 |      0 |     49 |   2 |   38.5 |
               +--------+--------+--------+--------+--------+-----+--------+

Top non-repeatable levels by time:
     D:1: 70 daAuts
     D:2: 7 daAuts
